 Dungeon Crawl Stone Soup version 0.30.1-11-g7821555f0a (webtiles) character file.

Game seed: 2276471813405935535

20 taloncarde the Charlatan (level 2, -1/24 HPs)
             Began as a Hill Orc Artificer on Dec 18, 2023.
             Killed themself with a badly aimed iceblast (15 damage)
             ... on level 1 of the Dungeon.
             The game lasted 00:08:53 (1091 turns).

taloncarde the Charlatan (Hill Orc Artificer)       Turns: 1091, Time: 00:08:57

Health: -1/24      AC:  3    Str: 14    XL:     2   Next: 79%
Magic:  2/2        EV: 16    Int: 11    God:
Gold:   32         SH:  0    Dex: 11    Spells: 1/1 levels left

rFire   . . .        a - +0 club
rCold   . . .        (no shield)
rNeg    . . .        b - +0 leather armour
rPois   .            (no helmet)
rElec   .            (no cloak)
rCorr   .            (no gloves)
SInv    .            (no boots)
Will    .....        (no amulet)
Stlth   +            g - +5 ring of evasion
HPRegen 0.24/turn    (no ring)
MPRegen 0.08/turn

%: no passive effects
@: no status effects
A: no striking features
a: no special abilities


You were on level 1 of the Dungeon.
You visited 1 branch of the dungeon, and saw 2 of its levels.

You collected 32 gold pieces.

Inventory:

Hand Weapons
 a - a +0 club (weapon)
 i - a +0 sling
Missiles
 j - 15 stones
Armour
 b - a +0 leather armour (worn)
 f - a +0 leather armour
Jewellery
 g - a +5 ring of evasion (left hand)
Wands
 c - a wand of flame (10) (quivered)
 d - a wand of charming (15)
 e - a wand of iceblast (3)
Scrolls
 h - a scroll of identify {unknown}
Potions
 k - a potion of flight {unknown}
 l - a potion of heal wounds {unknown}
 m - 2 potions of haste {unknown}


   Skills:
 + Level 1.7 Fighting
 + Level 2.4 Armour
 + Level 0.8 Dodging
 + Level 0.7 Stealth
 + Level 3.6 Evocations


You had one spell level left.
You didn't know any spells.
Your spell library was empty.

Dungeon Overview and Level Annotations

Branches:
Dungeon (2/15)

Altars:
Kikubaaqudgha

Shops:
D:1 !


Message History

You climb downwards.
The jackal barely misses you. The jackal misses you.
The rat bites you but does no damage. The dart slug launches a dart at you.
The slug dart hits you. The jackal completely misses you. The jackal bites you.
The rat misses you. x2
There is a stone staircase leading up here.
The jackal barely misses you. x2; The rat bites you but does no damage.
The rat bites you.
You climb upwards.
There is a stone staircase leading down here.
You hit the jackal.
The jackal is severely wounded.
The jackal closely misses you. The jackal barely misses you.
The rat closely misses you. The jackal completely misses you.
The jackal barely misses you.
You closely miss the jackal.
The jackal is severely wounded.
The jackal bites you. x2; The rat closely misses you.
The jackal misses you.
The jackal bites you but does no damage.
The rat barely misses you.
Hit: a) +0 club
Press: ? - help, Dir - move target, f - jackal
Aim: a jackal (severely wounded, about 53% to evade your +0 club)
Okay, then.
Aiming: Iceblast
Press: ? - help, Shift-Dir - straight line, f - jackal
Aim: a jackal That beam is likely to hit you.
Continue anyway?
Okay, then.
Aiming: Iceblast
Press: ? - help, Shift-Dir - straight line, f - rat, p - jackal
Aim: a rat That beam is likely to hit you.
Continue anyway?
The mass of ice explodes!
The iceblast engulfs the jackal.
You kill the jackal!
The iceblast engulfs the rat!!
You kill the rat!
The iceblast engulfs you!
Ouch! That really hurt!
You die...

########### #.........##
#........... # #..........# #
#..........# # #..........# ##
#######........... .#
#########@h..##........... .#
#.......††#.###........... .#
#........r#.###........... .#
#......................... .#
#...........###........... .#
#.........#.............#† .#
#.......................#. .#
#####........################.
.# #...............# #.)∩.....


You could see a jackal and a rat.

Vanquished Creatures
  A worm (D:1)
  3 bats (D:1)
  4 endoplasms (D:1)
  A goblin (D:1)
  A hobgoblin (D:1)
  2 jackals (D:1)
  A quokka (D:1)
  3 frilled lizards (D:1)
  2 rats (D:1)
18 creatures vanquished.

Notes
Turn   | Place    | Note
-------+----------+-------------------------------------------
     0 | D:1      | taloncarde the Hill Orc Artificer began the quest for the
                  | Orb.
     0 | D:1      | Reached XP level 1. HP: 16/16 MP: 1/1
   321 | D:1      | Reached XP level 2. HP: 16/23 MP: 2/2
   500 | D:1      | Found Tenleketh's Distillery.
   972 | D:2      | Found an ancient bone altar of Kikubaaqudgha.
  1091 | D:1      | Killed themself with a badly aimed iceblast

Illustrated notes

Levels and vault maps discovered:
D:1:      minmay_arrival_doors, layout_basic, serial_shops, shop,
          supply_closet_lemuel, nicolae_wormholes
D:2:      layout_loops_ring, hellmonk_ecumenical_altar_slurped_away,
          basic_altar, minmay_fractal_squares_5

Action                     || total
---------------------------++-------
  Melee: Club              ||    64
  Evoke: Wand              ||     7
 Armour: Leather armour    ||    21
  Dodge: Dodged            ||    70
